 Dungeon Crawl Stone Soup version 0.22-a0-521-gb1378044ac (webtiles) character file.

19 Anathary the Skirmisher (level 2, -23/24 HPs)
             Began as a Demonspawn Berserker on June 20, 2018.
             Was a Follower of Trog.
             Killed from afar by a jackal (36 damage)
             ... with an exploding inner flame
             ... hexed by the player character
             ... on level 2 of the Dungeon.
             The game lasted 00:04:19 (1639 turns).

Anathary the Skirmisher (Demonspawn Berserker)      Turns: 1639, Time: 00:04:19

Health: -23/24     AC:  2    Str: 17    XL:     2   Next: 55%
Magic:  2/2        EV: 12    Int:  8    God:    Trog [*.....]
Gold:   74         SH:  0    Dex: 12    Spells: 1/1 levels left

rFire    . . .     SeeInvis .   h - -3 whip (curse)
rCold    + . .     Gourm    .   (no shield)
rNeg     . . .     Faith    .   b - +0 animal skin
rPois    .         Spirit   .   (no helmet)
rElec    .         Reflect  .   (no cloak)
rCorr    .         Harm     .   (no gloves)
MR       .....                  (no boots)
Stlth    ++........             (no amulet)
HPRegen  0.08/turn              i - ring of protection from cold
MPRegen  0.08/turn              (no ring)

@: no status effects
A: nightstalker 1
a: Berserk, Renounce Religion


You were on level 2 of the Dungeon.
You worshipped Trog.
Trog was aware of your devotion.
You were not hungry.

You visited 1 branch of the dungeon, and saw 2 of its levels.

You collected 74 gold pieces.

Inventory:

Hand Weapons
 a - a +0 hand axe
 f - a +3 short sword
 h - a cursed -3 whip (weapon)
Armour
 b - a +0 animal skin (worn)
Jewellery
 i - a ring of protection from cold (left hand)
 k - a +5 ring of strength {unknown}
Potions
 d - a potion of curing {unknown}
 e - a potion of mutation {unknown}
 g - 2 potions of resistance {unknown}
 j - a potion of lignification {unknown}
Comestibles
 c - 4 rations


   Skills:
 + Level 3.4 Fighting
 + Level 2.9 Axes
 + Level 0.1(1.7) Maces & Flails
 + Level 1.8 Armour
 + Level 2.0 Dodging
 + Level 0.2 Stealth


You had one spell level left.
You didn't know any spells.
Your spell library was empty.

Dungeon Overview and Level Annotations

Branches:
Dungeon (2/15)

Altars:


Innate Abilities, Weirdness & Mutations

You are slightly more attuned to the shadows.


Message History

You miss the jackal.
The adder hisses angrily.
The frilled lizard bites you but does no damage.
The jackal bites you but does no damage.
The jackal barely misses you.
You hit the jackal.
The jackal is severely wounded.
The frilled lizard bites you but does no damage.
The jackal bites you. x2
You closely miss the jackal.
The jackal is severely wounded.
The jackal barely misses you. The jackal bites you.
The frilled lizard unfolds its giant frill.
The frilled lizard bites you but does no damage.
The jackal barely misses you. The jackal bites you.
You hit the jackal.
The jackal explodes!
The fiery explosion engulfs you!
Ouch! That really hurt!
You die...

#.........#
..........# .
..........# ..
..........# ...
........##....
...#....§l.....
......<.@.S....
###.....§h.....
#......#.....
####.###.....
#.. ##.. ### .


You could see an adder, a jackal (inner flame) and a frilled lizard (inner
flame).

Vanquished Creatures
  A leopard gecko (D:1)
  4 bats (D:1)
  2 giant cockroaches (D:1)
  2 goblins (D:1)
  2 hobgoblins (D:1)
  A ball python (D:1)
  A frilled lizard (D:1)
  2 kobolds (D:1)
  3 rats (D:1)
18 creatures vanquished.

Notes
Turn   | Place    | Note
-------+----------+-------------------------------------------
     0 | D:1      | Anathary the Demonspawn Berserker began the quest for the Orb.
     0 | D:1      | Reached XP level 1. HP: 18/18 MP: 1/1
   511 | D:1      | Gained mutation: You are slightly more attuned to the shadows. [demonic ancestry]
   511 | D:1      | Reached XP level 2. HP: 24/24 MP: 2/2
  1639 | D:2      | Killed from afar by a jackal

Vault maps used:
D:1:      scummos_arrival_checkerplants
D:2:      old_standard_altar, lemuel_round_altar, first_ration,
          kennysheep_generic_room_15

Skill      XL: |  1 |
---------------+----+-----
Dodging        | 2 |  2.0
Fighting       | |  3.4
Axes           | |  2.9
Maces & Flails | |  0.1
Armour         | |  1.8
Stealth        | |  0.2

Action                   || total
-------------------------++-------
Melee: Whip              ||   124
       Short sword       ||     5
       Hand axe          ||     5
  Use: Scroll            ||     3
 Stab: Sleeping          ||     3
  Eat: Ration            ||     1
       Chunk             ||     1
Armor: Animal skin       ||    59
Dodge: Dodged            ||   132

Table legend:
 A = Spawn XP
 B = Non-spawn XP
 C = Spawn XP percentage of total XP
 D = Spawn monster count
 E = Non-spawn monster count
 F = Spawn count percentage of total count
 G = Total turns spent on level
                    A         B        C        D         E        F      G
               +---------+---------+-------+---------+---------+-------+---------
         Total |       0 |      28 |   0.0 |       0 |      18 |   0.0 |  1639
               +---------+---------+-------+---------+---------+-------+---------
           D:1 |       0 |      28 |   0.0 |       0 |      18 |   0.0 |  1630
               +---------+---------+-------+---------+---------+-------+---------
